 Dungeon Crawl Stone Soup version 0.29-a0-222-g5b244fca1f (webtiles) character file.

Game seed: 851517185379223992

3527 Azmakalis the Destroyer (level 10, 0/56 HPs)
             Began as an Octopode Venom Mage on Feb 27, 2022.
             Was a Follower of Vehumet.
             Slain by a two-headed ogre
             ... wielding a +0 giant club
              (25 damage)
             ... on level 9 of the Dungeon.
             The game lasted 00:31:04 (10480 turns).

Azmakalis the Destroyer (Octopode Venom Mage)      Turns: 10480, Time: 00:31:04

Health: 0/56       AC:  1    Str:  7    XL:     10   Next: 8%
Magic:  24/25      EV: 13    Int: 22    God:    Vehumet [*.....]
Gold:   425        SH:  0    Dex: 13    Spells: 3/17 levels left

rFire   . . .      SeeInvis +   s - +8 hand axe "Cihew" {holy, rPois}
rCold   . . .      Faith    .   (no shield)
rNeg    + . .      Spirit   .   (helmet restricted)
rPois   +          Reflect  .   (no amulet)
rElec   .          Harm     .   N - ring of positive energy {rN+}
rCorr   .          Rampage  .   P - ring of poison resistance
Will    .....                   k - ring of flight
Stlth   +++.......              b - ring of magical power {MP+9}
HPRegen 0.18/turn               (no ring)
MPRegen 0.19/turn               (no ring)
                                (no ring)
                                (no ring)

@: flying
A: almost no armour, amphibious, 8 rings, camouflage 1, gelatinous body 1,
(nimble swimmer 1), tentacles, see invisible, sense surroundings 1, subdued
magic 1
a: Renounce Religion


You were on level 9 of the Dungeon.
You worshipped Vehumet.
Vehumet was aware of your devotion.
You visited 2 branches of the dungeon, and saw 11 of its levels.

You collected 425 gold pieces.

Inventory:

Hand Weapons
 h - a +0 vampiric falchion {!w}
 p - a +3 dagger of venom
 s - the +8 hand axe "Cihew" (weapon) {holy, rPois}
   (You found it on level 4 of the Dungeon)

   It has been blessed by the Shining One to cause great damage to the undead
   and demons.
   rPois:     It protects you from poison.
Missiles
 d - 3 throwing nets (quivered) {=f}
Magical Staves
 i - a staff of fire {rF+}
Jewellery
 b - a ring of magical power (on tentacle) {MP+9}
 k - a ring of flight (on tentacle)
 N - a ring of positive energy (left tentacle) {rN+}
 P - a ring of poison resistance (right tentacle)
Wands
 m - a wand of flame (22)
 n - a wand of acid (6)
 o - a wand of polymorph (6)
 u - a wand of iceblast (13)
Scrolls
 e - 3 scrolls of amnesia
 f - a scroll of vulnerability {unknown}
 j - a scroll of noise {unknown}
 l - a scroll of torment {unknown}
 q - a scroll of enchant weapon
 t - 3 scrolls of teleportation
 w - a scroll of brand weapon {unknown}
Potions
 a - a potion of magic {unknown}
 c - 3 potions of cancellation
 g - 2 potions of degeneration {!q}
 r - 3 potions of curing
 v - a potion of flight
 x - a potion of heal wounds


   Skills:
 - Level 2.0 Dodging
 - Level 2.6 Stealth
 + Level 4.0 Spellcasting
 - Level 10.0 Conjurations
 - Level 6.6 Hexes
 - Level 1.0 Transmutations
 - Level 8.1 Poison Magic


You had 3 spell levels left.
You knew the following spells:

 Your Spells              Type           Power      Damage    Failure   Level
a - Searing Ray           Conj           74%        2d7       1%          2
b - Poisonous Vapours     Pois/Air       34%        N/A       2%          2
c - Tukima's Dance        Hex            25%        N/A       1%          3
d - Olgreb's Toxic Radia  Pois           30%        N/A       3%          4
x - Mephitic Cloud        Conj/Pois/Air  23%        N/A       1%          3

Your spell library contained the following spells:

 Spells                   Type           Power      Damage    Failure   Level
 Foxfire                  Conj/Fire      80%        2x1d8     1%          1
 Magic Dart               Conj           100%       1d8       1%          1
 Sting                    Tmut/Pois      72%        1d6       1%          1
 Fulminant Prism          Conj/Hex       15%        3d11      2%          4
 Yara's Violent Unravell  Hex/Tmut       8%         3d5       50%         5
 Passage of Golubria      Tloc           3%         N/A       69%         4
 Summon Lightning Spire   Summ/Air       3%         N/A       69%         4
 Storm Form               Tmut/Air       2%         N/A       100%        7
 Maxwell's Capacitive Co  Air            1%         ∞         100%        8


Dungeon Overview and Level Annotations

Branches:
Dungeon (10/15)            Temple (1/1) D:4
   Lair: D:8-11         Orc: D:9-12

Altars:
Cheibriados
Dithmenos
Fedhas
Gozag
Hepliaklqana
Kikubaaqudgha
Makhleb
Nemelex Xobeh
Qazlal
Sif Muna
Trog
Uskayaw
Vehumet
Wu Jian
Xom
Yredelemnul
Zin
Beogh

Shops:
D:3 (:==

Annotations:
D:7 3 runed translucent doors, Zigma's ghost, novice OpSu


Innate Abilities, Weirdness & Mutations

You cannot wear most types of armour.
You are amphibious.
You can wear up to eight rings at the same time.
Your skin changes colour to match your surroundings (Stealth+).
Your rubbery body absorbs attacks. (AC +1, EV +1)
((You are camouflaged when in or above water. (Stealth+)))
You have tentacles for arms and can constrict up to eight enemies at once.
You have supernaturally acute eyesight. (SInv)
You passively map a small area around you.
Your spells are a little easier to cast, but a little less powerful.


Message History

You now have 16/24 mp.
The centaur is engulfed in noxious fumes.
The centaur appears confused.
The centaur unwields a +0 shortbow.
The centaur closely misses you. The centaur misses you.
The centaur is engulfed in noxious fumes.
The centaur appears confused.
The centaur hits you. The centaur closely misses you.
You take 1 damage, and have 44/56 hp.
You slash the centaur! You tentacle-slap the centaur.
The centaur screams, "I'll kill you anyway!"
You barely miss the centaur. You squeeze the centaur.
You kill the centaur!
You feel your power returning.
Your Spellcasting skill increases to level 4!
You regained 2 mp, and now have 18/25 mp.
Okay, then.
Okay, then.
Unknown command.
You see here a +0 shortbow.
Unknown command.
You reach down and open the door.
There is an open door here.
You reach down and open the door.
There is an open door here.
As you open the door, it creaks loudly!
You hear two shouts!
There is an open door here.
A two-headed ogre comes into view. It is wielding two +0 giant clubs.
The two-headed ogre hits you with a +0 giant club!
The two-headed ogre closely misses you.
You take 9 damage, and have 38/56 hp.
Unknown command.
Unknown command.
There is an open door here.
There is an open door here.
There is an open door here.
Okay, then.
The two-headed ogre hits you with a +0 giant club!
* * * LOW HITPOINT WARNING * * *
The two-headed ogre hits you with a +0 giant club!!
You die...

....≈≈≈≈≈§≈≈≈≈.* ,
.....≈≈≈≈≈≈....# ,,
+.....≈≈≈≈......#
......≈.........
......≈.........
...........)...* , ,
#........# #...@....#
* * #....O...# *,
######.### * * **
##....## * ,*
#......# ####+#####
#......# #........#
#....$.#
+........#####......#
#........'..##......#


You could see a two-headed ogre.

Levels and vault maps discovered:
D:1:      lightli_arrival_boilingwater, layout_basic,
          hellmonk_ecumenical_altar_dog_temple, kennysheep_doodads
D:2:      layout_rooms, basic_altar
D:3:      layout_basic, nicolae_overflow_squiral, serial_shops,
          nicolae_shop_statue_plus, nicolae_diamond_shop, shop, shop, uniq_ijyb
D:4:      layout_loops_cross, minmay_temple_entry_hall
D:5:      layout_rooms, serial_bayou_pond_e
D:6:      layout_basic, general_overflow_altar, uniq_blork_the_orc, uniq_duvessa
D:7:      minmay_general_purpose_star, layout_rooms,
          mainiacjoe_overflow_chevrons, biasface_ghost_orc_armoury
D:8:      layout_rooms, mainiacjoe_overflow_24_doors
D:9:      layout_roguey, enter_bailey_4, lemuel_old_faithful
D:10:     layout_roguey [special_room_bee], mainiacjoe_overflow_boulevard,
          kennysheep_okawaru_gauntlet, grunt_lair_entry_orc_guard_hut,
          serial_shops, nicolae_take_the_stairs
Temple:   regret_index_temple_waves

Notes
Turn   | Place    | Note
-------+----------+-------------------------------------------
     0 | D:1      | Azmakalis the Octopode Venom Mage began the quest for the
                  | Orb.
     0 | D:1      | Reached XP level 1. HP: 11/11 MP: 3/3
     4 | D:1      | Identified a +0 dagger
    25 | D:1      | HP: 2/11 [frozen (3)]
   325 | D:1      | Reached skill level 4 in Poison Magic
   761 | D:1      | Reached XP level 2. HP: 10/17 MP: 3/5
   767 | D:1      | Learned a level 2 spell: Poisonous Vapours
  1035 | D:1      | Identified a +0 robe
  1143 | D:1      | Identified a +0 dagger
  1371 | D:1      | Identified a +0 dagger
  1514 | D:1      | Found a faded altar of an unknown god.
  1712 | D:1      | Identified a +0 short sword
  1754 | D:1      | Reached skill level 5 in Poison Magic
  1754 | D:1      | Reached XP level 3. HP: 17/21 MP: 1/6
  1840 | D:1      | Identified a ring of positive energy
  2299 | D:2      | Identified a ring of poison resistance
  2310 | D:2      | Identified a +0 dagger
  2409 | D:2      | Learned a level 3 spell: Mephitic Cloud
  2509 | D:2      | Identified a +0 dagger
  2509 | D:2      | Identified a +0 hunting sling
  2574 | D:2      | Identified a +0 vampiric falchion
  2677 | D:2      | Identified a +0 dagger
  2682 | D:2      | Reached XP level 4. HP: 27/27 MP: 7/7
  2816 | D:2      | Identified a +0 chain mail
  2836 | D:2      | Identified a +0 club
  2877 | D:2      | Found a basalt altar of Yredelemnul.
  2879 | D:2      | Identified a ring of flight
  2981 | D:3      | Identified a +0 pair of boots
  2997 | D:3      | Found Tietij's Antique Weapon Emporium.
  3015 | D:3      | Identified a +0 club
  3015 | D:3      | Identified a +0 ring mail
  3021 | D:3      | Reached skill level 6 in Poison Magic
  3023 | D:3      | Identified 3 scrolls of identify
  3023 | D:3      | Identified 3 potions of cancellation
  3024 | D:3      | Identified 2 potions of degeneration
  3025 | D:3      | Identified 2 scrolls of amnesia
  3039 | D:3      | Identified a +0 club
  3039 | D:3      | Identified a +0 ring mail
  3106 | D:3      | Found Ogrotreu's Jewellery Boutique.
  3123 | D:3      | Found a snail-covered altar of Cheibriados.
  3128 | D:3      | Found a blossoming altar of Fedhas.
  3128 | D:3      | Identified a +0 short sword
  3138 | D:3      | Identified a +0 whip
  3211 | D:3      | Identified a +0 club
  3288 | D:3      | Identified a +0 robe
  3304 | D:3      | Identified a +0 whip
  3372 | D:3      | Identified a +0 whip
  3474 | D:3      | Identified a +3 dagger of venom
  3474 | D:3      | Identified a +0 ring mail
  3474 | D:3      | Noticed Ijyb
  3498 | D:3      | Killed Ijyb
  3506 | D:3      | Learned a level 2 spell: Searing Ray
  3681 | D:3      | Reached skill level 3 in Spellcasting
  3681 | D:3      | Reached XP level 5. HP: 26/31 MP: 4/9
  3685 | D:3      | Learned a level 3 spell: Tukima's Dance
  3744 | D:3      | Identified a +0 hunting sling
  3765 | D:3      | Found Nyrol's Book Boutique.
  3868 | D:3      | Found Gusmoki's Jewellery Boutique.
  3878 | D:3      | Identified a +0 whip
  3909 | D:3      | Reached skill level 1 in Conjurations
  4034 | D:3      | Identified a +0 flail
  4145 | D:4      | Reached skill level 2 in Conjurations
  4267 | D:4      | Reached skill level 3 in Conjurations
  4267 | D:4      | Reached XP level 6. HP: 22/36 MP: 5/10
  4399 | D:4      | Identified the +8 hand axe "Cihew" {holy, rPois}
  4399 | D:4      | Identified a +0 club
  4488 | D:4      | Identified a +0 dagger of draining
  4536 | D:4      | Identified a +0 rapier
  4537 | D:4      | Identified a +0 leather armour
  4641 | D:4      | Identified a +0 flail
  4641 | D:4      | Identified a +1 whip of draining
  4641 | D:4      | Identified a +0 club
  4641 | D:4      | Identified a +0 spear
  4699 | D:4      | Reached skill level 4 in Conjurations
  4940 | D:4      | Noticed a necrophage
  4949 | D:4      | Killed a necrophage
  5055 | D:4      | Found a staircase to the Ecumenical Temple.
  5061 | Temple   | Entered the Ecumenical Temple
  5142 | Temple   | Became a worshipper of Vehumet
  5260 | D:4      | Identified a +0 short sword
  5308 | D:4      | Identified 2 potions of heal wounds
  5309 | D:4      | Identified 2 scrolls of teleportation
  5398 | D:4      | Identified a +0 flail
  5418 | D:5      | Entered Level 5 of the Dungeon
  5433 | D:5      | Noticed a wraith
  5525 | D:5      | Reached skill level 5 in Conjurations
  5525 | D:5      | Reached XP level 7. HP: 29/41 MP: 4/11
  5629 | D:5      | Identified a +0 giant spiked club
  5782 | D:5      | Identified a potion of flight
  5804 | D:5      | Reached skill level 6 in Conjurations
  5899 | D:5      | Reached skill level 1 in Hexes
  5938 | D:5      | Identified a +0 giant club
  5963 | D:5      | Reached skill level 2 in Hexes
  6067 | D:5      | HP: 7/41 [wraith (11)]
  6074 | D:5      | Killed a wraith
  6075 | D:5      | Reached skill level 4 in Hexes
  6075 | D:5      | Reached XP level 8. HP: 31/46 MP: 8/12
  6155 | D:5      | Identified a ring of magical power
  6367 | D:5      | Identified a +0 dagger
  6367 | D:5      | Identified a +0 hand axe
  6367 | D:5      | Identified a +3 dagger of flaming
  6367 | D:5      | Identified a +0 robe
  6387 | D:5      | Reached skill level 5 in Hexes
  6707 | D:6      | Identified a +0 mace
  6707 | D:6      | Identified a +0 robe
  6707 | D:6      | Noticed Blork the orc
  6710 | D:6      | Identified a +0 mace
  6710 | D:6      | Identified a +0 chain mail
  6724 | D:6      | Killed Blork the orc
  6827 | D:6      | Identified a +0 rapier
  6827 | D:6      | Identified a +1 ring mail of fire resistance
  6827 | D:6      | Noticed Duvessa
  6853 | D:6      | Identified a +0 dagger
  6853 | D:6      | Identified a +0 robe
  6853 | D:6      | Noticed Dowan
  6862 | D:6      | Killed Dowan
  6863 | D:6      | Reached skill level 6 in Hexes
  6875 | D:6      | Killed Duvessa
  7031 | D:6      | Identified a +0 war axe
  7031 | D:6      | Identified a +0 chain mail
  7062 | D:6      | Identified a +0 halberd
  7062 | D:6      | Identified a +0 robe
  7066 | D:6      | Identified a +6 dagger
  7066 | D:6      | Identified a +0 robe
  7384 | D:6      | Identified a +0 trident
  7384 | D:6      | Identified a +0 robe
  7409 | D:6      | Reached skill level 7 in Poison Magic
  7455 | D:6      | Identified a +0 giant spiked club
  7541 | D:6      | Identified a +0 leather armour
  7619 | D:6      | Reached skill level 8 in Poison Magic
  7619 | D:6      | Reached XP level 9. HP: 44/51 MP: 12/13
  7624 | D:6      | Learned a level 4 spell: Olgreb's Toxic Radiance
  7692 | D:6      | Found a sparkling altar of Nemelex Xobeh.
  7809 | D:6      | Identified a +0 dagger
  7874 | D:6      | Identified a +0 mace
  8192 | D:7      | Identified a +0 whip
  8201 | D:7      | Identified a +0 club
  8203 | D:7      | Identified a +0 club
  8204 | D:7      | Identified a +0 whip
  8204 | D:7      | Identified a +0 robe
  8206 | D:7      | Identified a +0 club
  8211 | D:7      | Identified a +0 spear
  8217 | D:6      | HP: 9/51 [something (14)]
  8220 | D:6      | HP: 4/51 [something (6)]
  8296 | D:6      | HP: 11/51 [something (6)]
  8304 | D:6      | HP: 5/51 [something (7)]
  8305 | D:6      | Identified a potion of brilliance
  8305 | D:6      | HP: 2/51 [shadow (3)]
  8307 | D:6      | Identified a potion of curing
  8308 | D:6      | Identified a potion of lignification
  8626 | D:7      | Identified a +0 hand axe
  8626 | D:7      | Identified a +0 plate armour
  8627 | D:7      | Identified a +0 mace
  8628 | D:7      | Identified a scroll of enchant weapon
  8630 | D:7      | Found a runed translucent gate.
  8630 | D:7      | Identified a +0 long sword
  8630 | D:7      | Identified a +1 plate armour
  8631 | D:7      | Found a runed translucent gate.
  8632 | D:7      | Found a runed translucent gate.
  8632 | D:7      | Identified a +2 vorpal flail
  8632 | D:7      | Identified a +0 ring mail
  8633 | D:7      | Identified a +0 flail
  8634 | D:7      | Identified a +0 war axe
  8634 | D:7      | Identified a +0 chain mail
  8634 | D:7      | Identified a +0 short sword
  8634 | D:7      | Noticed Zigma's ghost (novice OpSu)
  8637 | D:7      | Identified a +0 mace
  8637 | D:7      | Identified a +0 ring mail
  8637 | D:7      | Identified the +7 falchion of Termination {drain, rPois
                  | Dex+2}
  8637 | D:7      | Identified a +0 ring mail
  8644 | D:7      | Identified a +0 dagger
  8645 | D:7      | Identified a +0 dagger
  8645 | D:7      | Identified a +0 robe
  8645 | D:7      | Identified a +0 dagger
  8645 | D:7      | Identified a +0 scale mail
  8646 | D:7      | Identified a +0 hand axe
  8646 | D:7      | Identified a +0 leather armour
  8682 | D:7      | Reached skill level 7 in Conjurations
  8936 | D:7      | Identified a +0 war axe
  8936 | D:7      | Identified a +0 leather armour
  8940 | D:7      | Identified a +0 club
  8940 | D:7      | Identified a +4 ring mail
  8942 | D:7      | Identified a +0 dagger
  8942 | D:7      | Identified a +0 robe
  8943 | D:7      | Identified a +0 trident
  8946 | D:7      | Identified a +0 whip
  9087 | D:7      | Found a shimmering blue altar of Sif Muna.
  9101 | D:7      | Identified a +0 spear
  9101 | D:7      | Identified a +2 halberd of flaming
  9102 | D:7      | Identified a +0 halberd
  9106 | D:7      | Reached * piety under Vehumet
  9106 | D:7      | Offered knowledge of Foxfire by Vehumet.
  9208 | D:7      | Identified a +0 shortbow
  9298 | D:7      | Reached skill level 8 in Conjurations
  9447 | D:7      | Identified a potion of mutation
  9448 | D:7      | Gained mutation: You have supernaturally acute eyesight.
                  | (SInv) [potion of mutation]
  9448 | D:7      | Gained mutation: Your spells are a little easier to cast,
                  | but a little less powerful. [potion of mutation]
  9448 | D:7      | Gained mutation: You passively map a small area around you.
                  | [potion of mutation]
  9456 | D:7      | Identified a +0 morningstar
  9752 | D:8      | Identified a +0 shortbow
  9783 | D:8      | Identified a +0 club
  9783 | D:8      | Identified a +0 robe
  9784 | D:8      | Identified a +0 mace
  9789 | D:8      | Identified a +0 spear
  9789 | D:8      | Identified a +0 spear
  9790 | D:8      | Identified a +0 whip
  9791 | D:8      | Identified a +0 whip
  9806 | D:8      | Reached skill level 9 in Conjurations
 10118 | D:8      | Identified a +0 whip
 10119 | D:8      | Identified a +0 whip
 10119 | D:8      | Identified a +0 leather armour
 10121 | D:8      | Identified a +0 club
 10127 | D:8      | Identified a +0 halberd
 10128 | D:8      | Identified +0 steam dragon scales
 10300 | D:8      | You are sucked into a shaft and drop 2 floors!
 10300 | D:10     | Entered Level 10 of the Dungeon
 10313 | D:10     | Found a shimmering altar of Xom.
 10372 | D:10     | Reached skill level 10 in Conjurations
 10372 | D:10     | Reached XP level 10. HP: 48/56 MP: 14/14
 10437 | D:9      | Identified a +0 shortbow
 10447 | D:9      | Reached skill level 4 in Spellcasting
 10460 | D:9      | Identified a +0 giant club
 10460 | D:9      | Identified a +0 giant club
 10460 | D:9      | Noticed a two-headed ogre
 10480 | D:9      | Slain by a two-headed ogre

Table legend: (Time is in decaauts)
 A = Elapsed time spent in this place.
 B = Non-inter-level travel time spent in this place.
 C = Inter-level travel time spent in this place.
 D = Time resting spent in this place.
 E = Time spent auto-exploring this place.
 F = Levels seen in this place.
 G = Mean time per level.
                   A        B        C        D        E       F      G
               +--------+--------+--------+--------+--------+-----+--------+
         Total |  10550 |  10386 |    164 |    575 |   8264 |  11 |  959.1 |
       Dungeon |  10447 |  10303 |    144 |    575 |   8205 |  10 | 1044.7 |
        Temple |    102 |     82 |     20 |      0 |     59 |   1 |  102.0 |
               +--------+--------+--------+--------+--------+-----+--------+

Top non-repeatable levels by time:
     D:1: 2201 daAuts
     D:6: 1876 daAuts
     D:5: 1296 daAuts
     D:4: 1295 daAuts
     D:7: 1190 daAuts
     D:3: 1080 daAuts
     D:2: 774 daAuts
     D:8: 552 daAuts
    D:10: 137 daAuts
  Temple: 102 daAuts
     D:9: 44 daAuts

Table legend:
 A = Kills in this place as a percentage of kills in entire the game.
 B = Kills by you in this place as a percentage of kills by you in the entire game.
 C = Kills by friends in this place as a percentage of kills by friends in the entire game.
 D = Other kills in this place as a percentage of other kills in the entire game.
 E = Experience gained in this place as a percentage of experience gained in the entire game.
 F = Experience gained in this place divided by the number of levels of this place that you have seen.
                   A       B       C       D       E      F
               +-------+-------+-------+-------+-------+----------------------
         Total | 100.0 | 100.0 |   N/A | 100.0 | 100.0 | 458.1
       Dungeon | 100.0 | 100.0 |   N/A | 100.0 | 100.0 | 503.9
               +-------+-------+-------+-------+-------+----------------------

Skill      XL: |  1  2  3  4  5  6  7  8  9 10 |
---------------+-------------------------------+-----
Poison Magic   | 4 5 6 8 |  8.1
Spellcasting   | 3 4 |  4.0
Conjurations   | 3 5 6 10 | 10.0
Hexes          | 4 6 |  6.6
Dodging        | |  2.0
Stealth        | |  2.6
Transmutations | |  1.0

Action                   |  1- 3 |  4- 6 |  7- 9 | 10-12 || total
-------------------------+-------+-------+-------+-------++-------
Melee: Dagger            |    66 |    15 |       |       ||    81
       Constrict         |    21 |    25 |    19 |     1 ||    66
       Tentacles         |    12 |    20 |    26 |     1 ||    59
       Falchion          |     5 |    34 |       |       ||    39
       Punch             |     1 |       |       |     1 ||     2
       Unarmed           |       |    13 |       |       ||    13
       Hand axe          |       |    26 |    97 |     5 ||   128
 Cast: Sting             |     3 |       |       |       ||     3
       Poisonous Vapours |    24 |    38 |    62 |     4 ||   128
       Searing Ray       |       |       |    16 |       ||    16
       Mephitic Cloud    |       |       |     8 |     1 ||     9
       Olgreb's Toxic Ra |       |       |    17 |       ||    17
Evoke: Wand              |       |     3 |    16 |       ||    19
  Use: Scroll            |       |     6 |     4 |       ||    10
       Potion            |       |       |     6 |       ||     6
 Stab: Sleeping          |     5 |    10 |       |       ||    15
       Confused          |       |       |     1 |       ||     1
Armor: Skin              |     5 |     4 |     8 |       ||    17
Dodge: Dodged            |    35 |    40 |    72 |     4 ||   151

Vanquished Creatures
  A wraith (D:5)
  A wyvern (D:7)
  A yak (D:10)
  A shadow (D:6)
  A steam dragon (D:8)
  Duvessa (D:6)
  A water moccasin (D:7)
  An ice beast (D:5)
  2 sky beasts
  2 necrophages
  2 black bears
  3 ogres
  3 centaurs
  Blork the orc (D:6)
  3 scorpions
  4 bullfrogs
  Dowan (D:6)
  3 wights (D:6)
  3 hounds
  A jelly (D:6)
  An orc priest (D:7)
  3 gnoll shamans
  4 iguanas
  Ijyb (D:3)
  3 orc wizards
  19 gnolls
  5 adders
  2 shadow imps
  2 white imps (D:7)
  An ufetubus (D:6)
  2 worms (D:2)
  2 dart slugs
  17 orcs
  5 bats
  8 endoplasms
  A giant cockroach (D:3)
  6 goblins
  6 hobgoblins
  5 jackals (D:1)
  A quokka (D:3)
  7 ball pythons
  2 frilled lizards
  9 kobolds
  8 rats
156 creatures vanquished.

Vanquished Creatures (others)
  A fungus (D:10)
1 creature vanquished.

Grand Total: 157 creatures vanquished
